 Dungeon Crawl Stone Soup version 0.17.0-24-gcfadda4 (webtiles) character file.

646 Sedge the Cleaver (level 7, 0/56 HPs)
             Began as a Hill Orc Gladiator on Nov 17, 2015.
             Slain by an orc wizard
             ... wielding a +0 dagger
              (3 damage)
             ... on level 4 of the Dungeon.
             The game lasted 00:15:24 (3696 turns).

Sedge the Cleaver (Hill Orc Gladiator)              Turns: 3696, Time: 00:15:24

Health: 0/56       AC:  4    Str: 20    XL:     7   Next: 52%
Magic:  7/7        EV: 12    Int:  8    God:
Gold:   179        SH:  0    Dex: 11    Spells: 0 memorised, 6 levels left

rFire  . . .     SeeInvis .     q - +2 hand axe (elec)
rCold  . . .     Clarity  .     b - +0 leather armour
rNeg   . . .     SustAt   .     (no shield)
rPois  .         Gourm    .     c - +0 helmet
rElec  .         Spirit   .     (no cloak)
rCorr  .         Warding  .     (no gloves)
rMut   .         Stasis   .     (no boots)
MR     .....                    (no amulet)
Stlth  +.........               (no ring)
                                (no ring)

@: not resistant to hostile enchantments, very unstealthy
A: no striking features
a: no special abilities


You were on level 4 of the Dungeon.
You were not hungry.

You visited 1 branch of the dungeon, and saw 4 of its levels.

You collected 179 gold pieces.

Inventory:

Hand Weapons
 a - a +0 war axe
 q - a +2 hand axe of electrocution (weapon)
Missiles
 d - 3 throwing nets (quivered)
Armour
 b - a +0 leather armour (worn)
 c - a +0 helmet (worn)
Wands
 t - a wand of frost (22)
Scrolls
 f - 4 scrolls of teleportation {unknown}
 g - a scroll of fear {unknown}
 h - 2 scrolls of enchant armour {unknown}
 j - 2 scrolls of remove curse {unknown}
 l - 4 scrolls of identify {unknown}
 n - 2 scrolls of noise {unknown}
 o - a scroll of enchant weapon {unknown}
 r - 3 scrolls of magic mapping {unknown}
 s - a scroll of fog {unknown}
Potions
 i - a potion of lignification {unknown}
 k - a potion of curing
 p - a potion of magic {unknown}
Comestibles
 e - 3 bread rations
 m - a fruit


   Skills:
 - Level 2.4 Fighting
 * Level 10.7 Axes
 - Level 1.7 Throwing
 - Level 2.6 Dodging
 + Level 1.0 Stealth


You had 6 spell levels left.
You didn't know any spells.

Dungeon Overview and Level Annotations

Branches:
Dungeon (4/15)
 Temple: D:4-7

Altars:
Ashenzari
Fedhas
Vehumet
Xom

Annotations:
D:3 exclusion: oklob plant


Message History

The orc wizard is lightly wounded.
The orc wizard points at you and mumbles some strange words.
The magic dart hits you!
* * * LOW HITPOINT WARNING * * *
You slash the orc wizard!
The orc wizard is severely wounded.
You slash the orc wizard!
You kill the orc wizard!
The orc wizard points at you and mumbles some strange words.
The magic dart hits you!
* * * LOW HITPOINT WARNING * * *
Things that are here:
a dagger; a robe
Things that are here:
a short sword of speed; a leather armour; an orc corpse The orc wizard casts a spell at you.
The magic dart hits you!
* * * LOW HITPOINT WARNING * * *
The orc wizard hits you with a dagger.
You die...

#.......#..... ...####
#..##...#.....
#.....###..##...#.....
#.....#.....#...#.....
#.....#.....#...#.....
#.....#.....#...#.....
#.....#.....#...#.....
#.....#.....#...#.....
#....@#....##)###..... #
#....)o)...##...#..... #.
#....)#....##...#.....
##'#####.....#....##...#.....
.............#.........#.....
.............#.........#.....
....)........#.........#.....
§.§.(........#....##...#....)
.............#....##...#.....


You could see an orc wizard.

Vanquished Creatures
  Duvessa (D:4)
  A phantom (D:4)
  An ogre (D:4)
  Dowan (D:4)
  A scorpion (D:4)
  A quasit (D:3)
  2 orc wizards
  An orc priest (D:4)
  2 worker ants (D:4)
  Robin (D:3)
  2 adders
  A worm (D:2)
  3 giant geckos
  6 orcs
  2 ball pythons
  13 hobgoblins
  8 jackals
  8 kobolds
  6 bats
  2 giant cockroaches
  2 giant newts
  12 goblins
  4 rats
81 creatures vanquished.

Notes
Turn   | Place    | Note
--------------------------------------------------------------
     0 | D:1      | Sedge the Hill Orc Gladiator began the quest for the Orb.
     0 | D:1      | Reached XP level 1. HP: 18/18 MP: 1/1
   191 | D:1      | Reached XP level 2. HP: 19/25 MP: 2/2
   719 | D:2      | Reached skill level 5 in Axes
   734 | D:2      | Reached XP level 3. HP: 16/30 MP: 3/3
   748 | D:2      | Found a shattered altar of Ashenzari.
  1617 | D:2      | Reached skill level 6 in Axes
  1810 | D:3      | Reached XP level 4. HP: 33/37 MP: 4/4
  2053 | D:3      | Found a shimmering altar of Xom.
  2082 | D:3      | Found a radiant altar of Vehumet.
  2194 | D:3      | Noticed Robin
  2229 | D:3      | Reached skill level 7 in Axes
  2230 | D:3      | Killed Robin
  2230 | D:3      | Reached XP level 5. HP: 42/42 MP: 5/5
  2362 | D:3      | Found a blossoming altar of Fedhas.
  2376 | D:3      | Noticed an oklob plant
  2770 | D:4      | Reached skill level 8 in Axes
  2770 | D:4      | Reached XP level 6. HP: 15/50 MP: 6/6
  3045 | D:4      | Noticed Duvessa
  3046 | D:4      | Noticed Dowan
  3052 | D:4      | Killed Duvessa
  3052 | D:4      | Reached skill level 9 in Axes
  3062 | D:4      | Killed Dowan
  3482 | D:4      | Reached skill level 10 in Axes
  3482 | D:4      | Reached XP level 7. HP: 23/56 MP: 7/7
  3686 | D:4      | Reached skill level 1 in Stealth
  3696 | D:4      | Slain by an orc wizard

Action                   |  1- 3 |  4- 6 |  7- 9 || total
-------------------------+-------+-------+-------++-------
Melee: War axe           |   117 |    15 |       ||   132
       Hand axe          |       |   101 |    12 ||   113
  Use: Potion            |       |     3 |     1 ||     4
  Eat: Bread ration      |     1 |       |       ||     1
       Beef jerky        |       |     1 |       ||     1
       Fruit             |       |     2 |       ||     2
       Meat ration       |       |       |     1 ||     1
